 Dungeon Crawl Stone Soup version 0.25-a0-479-g8579842fd4 (webtiles) character file.

Game seed: 13740148797157436129, levelgen mode: deterministic

4174 kae the Slicer (level 10, -11/99 HPs)
             Began as a Kobold Enchanter on Feb 9, 2020.
             Was an Initiate of Dithmenos.
             Mangled by an orc knight
             ... wielding a +0 war axe
              (30 damage)
             ... in a bailey.
             The game lasted 00:15:59 (10199 turns).

kae the Slicer (Kobold Enchanter)                  Turns: 10199, Time: 00:15:59

Health: -11/99     AC:  3    Str: 11    XL:     10   Next: 53%
Magic:  7/14       EV: 24    Int: 16    God:    Dithmenos [......]
Gold:   179        SH:  0    Dex: 19    Spells: 9/15 levels left

rFire    . . .     SeeInvis +   b - +9 hand axe of the Shrike {flame, SInv}
rCold    . . .     Gourm    .   (shield restricted)
rNeg     . . .     Faith    .   G - +0 robe
rPois    .         Spirit   .   (no helmet)
rElec    .         Reflect  .   k - +0 cloak
rCorr    .         Harm     .   (no gloves)
MR       .....                  (no boots)
Stlth    ..........             (no amulet)
HPRegen  0.26/turn              E - ring of stealth
MPRegen  0.14/turn              i - ring of stealth

@: berserking (expiring), very quick
A: small, carnivore
a: Renounce Religion


You were in a bailey.
You worshipped Dithmenos.
Dithmenos was noncommittal.
You were very full.

You visited 2 branches of the dungeon, and saw 8 of its levels.
You also visited: Bailey.

You collected 293 gold pieces.
You spent 114 gold pieces at shops.

Inventory:

Hand Weapons
 a - a +1 dagger
 b - the +9 hand axe of the Shrike (weapon) {flame, SInv}
   (You took it off a crimson imp on level 7 of the Dungeon)

   It has been specially enchanted to burn those struck by it, causing extra
   injury to most foes and up to half again as much damage against particularly
   susceptible opponents.
   Big, fiery blades are also staple armaments of hydra-hunters.
   It lets you see invisible.
Armour
 k - a +0 cloak (worn)
 G - a +0 robe (worn)
Jewellery
 f - an uncursed ring of poison resistance
 g - an uncursed ring of ice
 i - a ring of stealth (right hand)
 t - an uncursed amulet of faith
 w - an uncursed amulet of rage
 C - an uncursed amulet of regeneration {unknown}
 E - a ring of stealth (left hand)
Wands
 l - a wand of digging (5)
 m - a wand of polymorph (9)
 y - a wand of iceblast (16)
Scrolls
 j - a scroll of fog
 n - 3 scrolls of teleportation
 z - a scroll of remove curse
Potions
 c - 6 potions of curing
 h - 2 potions of might
 o - 2 potions of brilliance
 p - 2 potions of haste
 u - 2 potions of flight {unknown}
 v - 2 potions of resistance {unknown}
 x - a potion of agility {unknown}
 B - a potion of degeneration {unknown}
Comestibles
 d - 14 rations
 q - 4 chunks of flesh


   Skills:
 - Level 9.0 Fighting
 * Level 12.2 Short Blades
 - Level 10.1 Dodging
 - Level 4.0 Stealth
 - Level 3.1 Spellcasting
 + Level 7.4 Hexes


You had 9 spell levels left.
You knew the following spells:

 Your Spells              Type           Power        Failure   Level  Hunger
a - Corona                Hex            ####...      1%          1    #......
b - Ensorcelled Hibernat  Hex/Ice        ##....       6%          2    ##.....
c - Confusing Touch       Hex            ####....     2%          3    ###....

Your spell library contained the following spells:

 Spells                   Type           Power        Failure   Level  Hunger
 Tukima's Dance           Hex            ####....     2%          3    ###....
 Dazzling Flash           Conj/Hex       ##....       12%         3    ###....
 Beastly Appendage        Tmut           #.....       19%         1    #......
 Sticks to Snakes         Tmut           #.......     28%         2    ##.....
 Spider Form              Tmut/Pois      #.........   50%         3    ###....
 Ice Form                 Ice/Tmut       #.......     88%         4    #####..
 Blade Hands              Tmut           #.........   99%         5    ######.


Dungeon Overview and Level Annotations

Branches:
Dungeon (7/15)             Temple (1/1) D:6          Bailey (1/1)

Altars:
Ashenzari
Cheibriados
Dithmenos
Elyvilon
Fedhas
Gozag
Hepliaklqana
Kikubaaqudgha
Makhleb
Nemelex Xobeh
Okawaru
Qazlal
Ru
Sif Muna
Trog
Vehumet
Wu Jian
Xom
Yredelemnul
Zin
The Shining One

Shops:
D:4 ?

Annotations:
D:6 exclusion: centaur


Innate Abilities, Weirdness & Mutations

You are small and have problems with some larger weapons.
You are carnivorous and can eat meat at any time.


Message History

The orc knight is lightly wounded.
You slash the orc knight! You burn the orc knight.
The orc knight roars a battlecry!
The orcs go into a battle-frenzy!
Your magical contamination has completely faded away.
You barely miss the orc knight.
The orc knight is lightly wounded.
You hit the orc knight. You burn the orc knight.
The orc knight hits you with a +0 war axe!!
You closely miss the orc knight.
The orc knight is lightly wounded.
You barely miss the orc knight. The orc knight closely misses you.
The orc knight hits you with a +0 war axe!!
* * * LOW HITPOINT WARNING * * *
You slash the orc knight! You burn the orc knight.
The orc knight is moderately wounded.
You hit the orc knight but do no damage.
The orc knight misses you.
The orc knight hits you with a +0 war axe!!
You die...

*≈≈≈≈≈≈≈≈≈≈≈≈≈≈≈≈≈≈≈≈≈≈≈≈≈≈≈≈≈
*≈≈≈≈≈≈≈≈≈≈≈≈≈≈≈≈≈≈≈≈≈≈≈≈≈≈≈≈≈
*≈≈≈≈≈≈≈≈≈≈≈≈≈≈≈≈≈≈≈≈≈≈≈≈≈≈≈≈≈
*≈≈≈≈≈≈≈≈≈≈≈≈≈≈≈≈≈≈≈≈≈≈≈≈≈≈≈≈≈
*≈≈≈≈≈≈≈≈≈≈≈≈≈≈≈≈≈≈≈≈≈≈≈≈≈≈≈≈≈
*≈≈≈≈≈≈≈≈≈≈≈≈≈≈≈≈≈≈≈≈≈≈≈≈≈≈≈≈≈
*≈≈≈≈≈≈≈≈≈≈≈≈≈≈≈≈≈≈≈≈≈≈≈≈≈≈≈≈≈
*≈≈≈≈≈**####)≈≈≈≈≈≈≈≈≈≈≈≈*****
#≈≈≈≈≈*,#..'o@oo.).......+,,*,
#≈≈≈≈≈*+#..#######)######*,,*+
#≈≈≈≈≈#....*,,,,,*.....o,*,,,,
#≈≈≈≈≈#....*,,,,,+.8.8.8.*,,,,
#≈≈≈≈≈######+*****.......#####
#≈≈≈≈≈≈.#[[#,*,,*,...#......#.
#≈≈≈≈≈≈.#[[#,*,,*,...#......#.
#≈≈≈≈≈≈.#..#,*,,*,...#####''#.
#≈≈≈≈≈≈.#..#,*,,*,,,,*#.....#.


You could see 2 orc knights and an orc.

Vanquished Creatures
  Grinder (D:5)
  A hippogriff (D:7)
  A swamp drake (Bailey)
  4 orc warriors
  An ogre (D:4)
  A phantom (D:5)
  A centaur (D:6)
  Blork the orc (D:5)
  2 bullfrogs (D:7)
  2 scorpions
  4 crimson imps
  2 hounds
  A quasit (D:6)
  A bullfrog skeleton (D:6)
  A jelly (D:5)
  4 orc wizards
  Ijyb (D:5)
  An iguana (D:7)
  4 worker ants
  A hound zombie (D:6)
  4 hound skeletons
  4 gnolls
  8 adders
  5 shadow imps
  2 oozes
  5 worms
  A leopard gecko (D:5)
  20 orcs
  A ball python (D:5)
  8 bats
  5 giant cockroaches
  6 goblins
  9 hobgoblins
  3 jackals (D:1)
  2 quokkas
  A ball python skeleton (D:5)
  8 frilled lizards
  A giant cockroach zombie (D:6)
  6 kobolds
  5 rats
139 creatures vanquished.

Notes
Turn   | Place    | Note
-------+----------+-------------------------------------------
     0 | D:1      | kae the Kobold Enchanter began the quest for the Orb.
     0 | D:1      | Reached XP level 1. HP: 10/10 MP: 3/3
   135 | D:1      | Reached skill level 2 in Short Blades
   145 | D:1      | Reached XP level 2. HP: 7/15 MP: 5/5
   269 | D:1      | Learned a level 2 spell: Ensorcelled Hibernation
   920 | D:1      | Reached XP level 3. HP: 9/19 MP: 0/6
   979 | D:1      | Learned a level 3 spell: Confusing Touch
  1165 | D:1      | Reached skill level 3 in Short Blades
  1637 | D:2      | Found a shimmering altar of Xom.
  1721 | D:2      | Found an ornate altar of the Wu Jian Council.
  1797 | D:2      | Found a white marble altar of Elyvilon.
  1812 | D:2      | Reached XP level 4. HP: 24/24 MP: 8/8
  2266 | D:3      | Reached skill level 4 in Short Blades
  2978 | D:3      | Reached XP level 5. HP: 22/28 MP: 2/9
  3256 | D:4      | Noticed an ogre
  3350 | D:4      | Reached skill level 5 in Short Blades
  3509 | D:4      | Reached XP level 6. HP: 7/32 MP: 0/10
  3765 | D:4      | Found Merinyuwk's Magic Scroll Emporium.
  3773 | D:4      | Bought a scroll of identify for 24 gold pieces
  3773 | D:4      | Bought a scroll of blinking for 90 gold pieces
  3939 | D:4      | Reached skill level 6 in Short Blades
  4428 | D:4      | Killed an ogre
  4428 | D:4      | Reached skill level 7 in Short Blades
  4428 | D:4      | Reached XP level 7. HP: 36/36 MP: 0/11
  4659 | D:5      | Entered Level 5 of the Dungeon
  4671 | D:5      | Reached skill level 5 in Hexes
  5060 | D:5      | Found an ancient bone altar of Kikubaaqudgha.
  5075 | D:5      | Noticed Grinder
  5077 | D:5      | Killed Grinder
  5077 | D:5      | Reached skill level 8 in Short Blades
  5077 | D:5      | Reached XP level 8. HP: 41/41 MP: 12/12
  5923 | D:5      | Found a basalt altar of Yredelemnul.
  6035 | D:5      | Reached skill level 9 in Short Blades
  6134 | D:5      | Noticed Blork the orc
  6137 | D:5      | Killed Blork the orc
  6200 | D:5      | Noticed Ijyb
  6204 | D:5      | Killed Ijyb
  6494 | D:6      | Found a staircase to the Ecumenical Temple.
  6502 | Temple   | Entered the Ecumenical Temple
  6522 | Temple   | Became a worshipper of Dithmenos the Shadowed
  8042 | D:6      | Reached skill level 10 in Short Blades
  8664 | D:6      | Found a bloodstained altar of Trog.
  9003 | D:6      | Reached XP level 9. HP: 17/45 MP: 5/13
  9387 | D:7      | Reached skill level 11 in Short Blades
  9409 | D:7      | Noticed a hippogriff
  9417 | D:7      | Killed a hippogriff
  9633 | D:7      | Identified the +9 hand axe of the Shrike {flame, SInv}
  9667 | D:7      | Reached skill level 12 in Short Blades
  9672 | D:7      | Reached skill level 10 in Dodging
  9672 | D:7      | Reached XP level 10. HP: 25/66 MP: 6/14
  9688 | D:7      | Found a flagged portal.
  9701 | Bailey   | Entered a bailey
 10057 | Bailey   | Noticed a kobold demonologist
 10059 | Bailey   | Noticed a smoke demon
 10180 | Bailey   | Noticed an orc knight
 10184 | Bailey   | Noticed an orc knight
 10199 | Bailey   | Mangled by an orc knight

Levels and vault maps discovered:
D:1:      wander_arrival_fairy_ring, layout_basic, serial_bayou,
          serial_bayou_shore_b, serial_bayou_lake_a, serial_bayou_pond_e,
          serial_bayou_pond_b
D:2:      layout_rooms, lemuel_round_altar, lemuel_crystal_altar,
          old_standard_altar, chequers_arboretum
D:3:      layout_rooms
D:4:      wander_river, layout_rooms, serial_shops, shop_fountains, first_ration
D:5:      layout_loops_ring, kiku_gazebo_pond_becter, kennysheep_mini_moat,
          uniq_ijyb, uniq_grinder, uniq_blork_the_orc
D:6:      layout_basic, kennysheep_mini, minmay_temple_entry_mist,
          serial_co_window_serial, co_window_of_opportunity_a,
          co_window_corner_a, co_window_corner_a, co_window_paths_b,
          co_window_paths_a, co_window_broadway_b, co_window_unsneaky_path_c,
          co_window_2corner, co_window_4corner_a, glass_columns_a
D:7:      layout_basic, enter_bailey_2
Temple:   regret_index_temple_waves
Bailey:   bailey_axe_of_yendor_kennysheep, bailey

Skill      XL: |  1  2  3  4  5  6  7  8  9 |
---------------+----------------------------+-----
Short Blades   | 2 3 4 5 7 8 10 12 | 12.2
Spellcasting   | 3 |  3.1
Hexes          | 4 5 6 7 |  7.4
Fighting       | 9 |  9.0
Dodging        | 10 | 10.1
Stealth        | |  4.0

Action                   |  1- 3 |  4- 6 |  7- 9 | 10-12 || total
-------------------------+-------+-------+-------+-------++-------
Melee: Dagger            |   111 |   133 |   344 |    42 ||   630
       Hand axe          |       |       |    14 |     7 ||    21
 Cast: Ensorcelled Hiber |    11 |    45 |    68 |    14 ||   138
       Corona            |     2 |     3 |    10 |     2 ||    17
       Confusing Touch   |       |     1 |     4 |       ||     5
Evoke: Wand              |       |       |       |     1 ||     1
  Use: Scroll            |     2 |     8 |     6 |     3 ||    19
       Potion            |       |       |     6 |     2 ||     8
 Stab: Sleeping          |    14 |    31 |    31 |     8 ||    84
       Confused          |       |     1 |     4 |       ||     5
  Eat: Chunk             |     4 |    14 |    24 |     2 ||    44
       Ration            |       |       |     1 |       ||     1
Armor: Robe              |    24 |    25 |    33 |       ||    82
Dodge: Dodged            |    91 |    81 |   139 |    33 ||   344

Table legend:
 A = Non-vault XP
 B = Vault XP
 C = Vault XP percentage of total XP
 D = Non-vault monster count
 E = Vault monster count
 F = Vault count percentage of total count
                 A         B        C        D         E       F
            +---------+---------+-------+---------+---------+-------
      Total |    2378 |     847 |  26.3 |     120 |      19 |  13.7
            +---------+---------+-------+---------+---------+-------
        D:1 |      31 |       7 |  18.4 |      16 |       5 |  23.8
        D:2 |      56 |       0 |   0.0 |      15 |       0 |   0.0
        D:3 |      60 |       0 |   0.0 |      17 |       0 |   0.0
        D:4 |     488 |       0 |   0.0 |      25 |       0 |   0.0
        D:5 |     333 |     411 |  55.2 |      15 |       3 |  16.7
        D:6 |     676 |       0 |   0.0 |      21 |       0 |   0.0
        D:7 |     734 |       0 |   0.0 |      11 |       0 |   0.0
     Bailey |       0 |     429 | 100.0 |       0 |      11 | 100.0
            +---------+---------+-------+---------+---------+-------
